Cogmind - Beta 14 @@@ ROGUE MODE // 2025.01.17 @ 11:39:04 Player: K.Ioz Result: Destroyed by 8R-AWN with 8R-AWN's Boregun Performance ------------- Evolutions (0) 0 Regions Visited (3) 600 Robots Destroyed (29) 145 Value Destroyed (508) 508 Prototype IDs (27) 540 Alien Tech Used (0) 0 Bonus (344) 344 TOTAL SCORE: 2137 Bonus ------- Follower Combat Kills 66 Aligned with FarCom 300 Friendly Fire -22 Cogmind --------- Core Integrity 0/250 Matter 108/300 Energy 265/265 System Corruption 10% Temperature Cool (0) Movement Treading (160) Location -10/Exiles Parts ------- > --- POWER (1) -------- Improved Ion Engine (fused) > --- PROPULSION (2) --- Light Treads (fused) > --- UTILITY (2) ------ (None) > --- WEAPON (2) ------- Light Cannon Longsword +1 > --- INVENTORY (5) ---- Improved Trap Extractor (0/6) Assault Rifle Peak State ------------ > --- POWER ------------ Improved Ion Engine > --- PROPULSION ------- Light Treads Light Treads > --- UTILITY ---------- Light Armor Plating Chronowheel > --- WEAPON ----------- Assault Rifle Light Cannon > --- INVENTORY -------- Improved Trap Extractor Longsword +1 [Rating: 21] Favorites ----------- Power Ion Engine Engine Ion Engine Propulsion Aluminum Leg Treads Light Treads Leg Aluminum Leg Utility Large Storage Unit Device Heat Sink Storage Large Storage Unit Processor Advanced Targeting Computer Protection Light Armor Plating Weapon Light Assault Rifle Energy Gun EM Pulse Gun Ballistic Gun Light Assault Rifle Ballistic Cannon Light Cannon Launcher Grenade Launcher Slashing Weapon Longsword +1 Build | -11 -10 -10 -10 ------- Run | Yrd Mat Min Exi Slots Evolved . | . . . . Power . | . . . . Propulsion . | . . . . Utility . | . . . . Weapon . | . . . . Parts Attached 35 | 6 13 8 8 Power 3 | 1 1 1 . Engine 3 | 1 1 1 . Core . | . . . . Reactor . | . . . . Propulsion 6 | 2 2 2 . Treads 4 | 2 . 2 . Leg 2 | . 2 . . Wheel . | . . . . Hover . | . . . . Flight . | . . . . Utility 13 | 1 5 5 2 Device 4 | . 1 1 2 Storage 5 | 1 4 . . Processor 2 | . . 2 . Hackware . | . . . . Protection 2 | . . 2 . Artifact . | . . . . Weapon 13 | 2 5 . 6 Energy Gun 1 | 1 . . . Energy Cannon . | . . . . Ballistic Gun 6 | 1 3 . 2 Ballistic Cannon 1 | . . . 1 Launcher 2 | . 2 . . Special Weapon . | . . . . Impact Weapon . | . . . . Slashing Weapon 3 | . . . 3 Piercing Weapon . | . . . . Special Melee Weapon . | . . . . Unidentified Prototypes . | . . . . Corrupted Parts 2 | . . 2 . System Corruption 10 | . . 10 . Parts Lost 8 | . 6 . 2 Power . | . . . . Propulsion 3 | . 2 . 1 Utility 2 | . 1 . 1 Weapon 3 | . 3 . . Highest Loss Streak 3 | . 3 . 1 To Critical Strikes 1 | . . . 1 Average Slot Usage (%) 90 | . 89 98 79 Engine 14 | . 14 14 14 Treads 13 | . 13 1 28 Leg 14 | . 14 26 . Device 2 | . 5 . 3 Storage 12 | . 14 14 9 Processor 3 | . . 10 . Protection 4 | . . 2 13 Ballistic Gun 19 | . 27 28 1 Slashing Weapon 2 | . . . 7 Peak Build Rating 21 | 6 8 11 21 Average Rating 9 | 4 6 9 13 On Entrance 5 | . 6 7 10 Naked Turns . | . . . . Heaviest Build 33 | 14 27 32 33 Greatest Support 40 | 40 40 40 40 Greatest Overweight (x) 1 | 1 1 1 . Average Overweight (x) . | . . . . Largest Inventory Capacity 15 | 8 15 15 15 Average Capacity 12 | 6 10 15 11 Most Carried 15 | 4 15 15 15 Average Carried 11 | 2 9 14 10 Final Capacity 15 | 8 15 15 5 Final Carried 15 | 4 14 15 2 Class Distribution -------------------- 66% | Mutant 29% | Scavenger-Mutant 3% | Trapper-Mutant Dominant Class ---------------- Mutant | -10/Materials Mutant | -10/Mines Scavenger-Mutant | -10/Exiles Resources | -11 -10 -10 -10 ----------- Run | Yrd Mat Min Exi Matter Collected 855 | 231 422 152 50 Remotely . | . . . . Salvage Created 803 | . 688 100 15 Parts 59 | . 56 3 . Haulers Intercepted 2 | . 2 . . Recyclers Shooed 1 | . 1 . . Parts Field Recycled . | . . . . Retrieved Matter . | . . . . Parts Self-Destructed . | . . . . Prevented . | . . . . Kills | -11 -10 -10 -10 ------- Run | Yrd Mat Min Exi Combat Hostiles Destroyed 20 | . 15 2 3 Guns 16 | . 13 2 1 Cannons 2 | . . . 2 AOE 2 | . 2 . . Classes Destroyed 10 | . 9 . 1 Worker 1 | . 1 . . Builder 3 | . 3 . . Tunneler 1 | . 1 . . Hauler 2 | . 2 . . Recycler 2 | . 2 . . Operator 1 | . 1 . . Watcher 2 | . 2 . . Swarmer 9 | . 9 . . Grunt 8 | . 6 2 . Assembled 3 | . . . 3 Best Kill Streak 7 | . 7 2 3 Combat Bots Only 3 | . 3 2 3 Max Kills in Single Turn 4 | . 4 1 1 Gunslinging 1 | . 1 . . Exploded 2 | . 2 . . Melee . | . . . . Uniques/NPCs Destroyed . | . . . . Combat | -11 -10 -10 -10 -------- Run | Yrd Mat Min Exi Hostile Shots Fired 135 | . 84 11 40 Missed 34 | . 20 5 9 Damage Taken 1485 | . 884 103 498 Core 259 | . 176 41 42 Absorbed by Shields . | . . . . Core Remaining (%) 100 | 100 . . . Volleys Fired 123 | . 106 5 12 Largest 2 | . 2 2 2 Hottest 55 | . 50 40 55 Shots Fired 243 | . 207 12 24 Gun 229 | . 205 12 12 Cannon 12 | . . . 12 Launcher 2 | . 2 . . Special . | . . . . Kinetic 241 | . 205 12 24 Thermal . | . . . . Explosive 2 | . 2 . . Electromagnetic . | . . . . Robot Hit Streak 8 | . 8 6 4 Robot Miss Streak 8 | . 7 1 8 Penetration Max . | . . . . Secondary Targets 2 | . 2 . . Max Gunslinging Chain 1 | . 1 . . Shots Hit Robots 135 | . 108 10 17 Core Hits 68 | . 52 7 9 Critical Kills 1 | . 1 . . Critical Parts Destroyed 1 | . 1 . . Critical Strikes 3 | . 2 . 1 Destroy 2 | . 2 . . Sever 1 | . . . 1 Melee Attacks 10 | . . . 10 Impact . | . . . . Slashing 10 | . . . 10 Piercing . | . . . . Sneak Attacks . | . . . . Combat Hostiles . | . . . . Follow-up Attacks . | . . . . Damage Inflicted 2011 | . 1432 79 500 Guns 1109 | . 997 79 33 Cannons 82 | . . . 82 Explosions 435 | . 435 . . Melee 385 | . . . 385 Ramming . | . . . . Kinetic 1191 | . 997 79 115 Thermal . | . . . . Explosive 435 | . 435 . . Electromagnetic . | . . . . Impact . | . . . . Slashing 385 | . . . 385 Piercing . | . . . . Highest Corruption 10 | . . 10 10 Average Corruption 7 | . . 5 10 Corruption Purged . | . . . . Corruption Blocked . | . . . . Effects 95 | . . 43 52 Message Errors 28 | . . 10 18 Matter Fused 16 | . . 8 8 Heat Flow Errors 11 | . . 6 5 Energy Discharges 10 | . . 4 6 Parts Fused 3 | . . . 3 Data Loss (minor) 16 | . . 9 7 Data Loss (major) 6 | . . 3 3 Misfires 2 | . . 2 . Alerts 2 | . . 1 1 Misdirections 1 | . . . 1 Overload Shots . | . . . . Overflow Damage 15 | . 15 . . Projectiles . | . . . . Explosions 15 | . 15 . . Melee . | . . . . Knockbacks 3 | . . . 3 Impact . | . . . . Kinetic 3 | . . . 3 Secondary . | . . . . Self-Inflicted Damage 227 | . 227 . . Shots 3 | . 3 . . Rammed . | . . . . Targets Rammed . | . . . . Kicked . | . . . . Crushed . | . . . . Highest Temperature 326 | . 24 248 326 Average Temperature 112 | . 10 103 147 Received Heat Transfer 525 | . 237 48 240 Siege Activations . | . . . . Robots Corrupted . | . . . . Combat Hostiles . | . . . . Parts Fried . | . . . . Impact Corruptions . | . . . . Robots Melted . | . . . . Combat Hostiles . | . . . . Parts Melted . | . . . . Heat Transferred . | . . . . Parts Sabotaged . | . . . . Parts Stolen . | . . . . Parts Stripped . | . . . . Power Chain Reactions . | . . . . Alert | -11 -10 -10 -10 ------- Run | Yrd Mat Min Exi Peak Influence 297 | . 297 50 . Initial 30 | . . 30 . Average 45 | . 81 10 . Maximum Alert Level 1 | . 1 . . Low Security (%) 99 | 100 98 100 . Level 1 . | . 1 . . Level 2 . | . . . . Level 3 . | . . . . Level 4 . | . . . . Level 5 . | . . . . High Security . | . . . . Max Security . | . . . . Squads Dispatched . | . . . . Investigation . | . . . . Extermination . | . . . . Reinforcement . | . . . . Assault . | . . . . Garrison . | . . . . Intercept . | . . . . Searches Triggered . | . . . . Construction Impeded . | . . . . Haulers Reinforced . | . . . . Active Scanning Responses . | . . . . Cargo Convoy Interrupts . | . . . . Stealth | -11 -10 -10 -10 --------- Run | Yrd Mat Min Exi Distress Signals 5 | . 5 . . Communications Jammed . | . . . . Distress Signals . | . . . . Times Spotted 48 | . 36 4 8 Peak Tracking Total 9 | . 6 2 9 Tactical Retreats 1 | . 1 . . Traps | -11 -10 -10 -10 ------- Run | Yrd Mat Min Exi Traps Triggered 1 | . . 1 . Indirectly . | . . . . Trap Hack Attempts . | . . . . Triggered . | . . . . Disarmed . | . . . . Reprogrammed . | . . . . Reused . | . . . . Traps Extracted 5 | . . 5 . Installed . | . . . . Triggered . | . . . . Most Traps Carried 5 | . . 5 5 Machines | -11 -10 -10 -10 ---------- Run | Yrd Mat Min Exi Machines Disabled 5 | . 2 . 3 Max in Single Turn 2 | . 2 . 1 Machines Repaired . | . . . . Machines Dismantled . | . . . . Machines Sabotaged . | . . . . Overloaded Fab Kills . | . . . . Hacking | -11 -10 -10 -10 --------- Run | Yrd Mat Min Exi Machines Accessed 11 | . 9 1 1 Terminals 8 | . 8 . . Fabricators . | . . . . Repair Stations . | . . . . Recycling Units 1 | . 1 . . Scanalyzers . | . . . . Garrison Access . | . . . . Total Hacks 29 | . 27 1 1 Successful 17 | . 15 1 1 Failed 12 | . 12 . . Catastrophic 2 | . 2 . . Database Lockouts . | . . . . Manual 16 | . 15 . 1 Terminals 26 | . 26 . . Fabricators . | . . . . Repair Stations . | . . . . Recycling Units 1 | . 1 . . Scanalyzers . | . . . . Garrison Access . | . . . . Terminal Hacks 11 | . 9 1 1 Robot Analysis 2 | . 2 . . Prototype ID Bank 2 | . 2 . . Open Door 1 | . . 1 . Level Access Points 1 | . 1 . . Unreport Threat 1 | . 1 . . Locate Traps 3 | . 3 . . Derelict Proto ID Bank 1 | . . . 1 Fabricator Hacks . | . . . . Repair Station Hacks . | . . . . Recycling Unit Hacks . | . . . . Scanalyzer . | . . . . Garrison Access Hacks . | . . . . Unauthorized Hacks 6 | . 6 . . Terminals 6 | . 6 . . Botnet 1 | . 1 . . Skim 5 | . 5 . . Fabricators . | . . . . Repair Stations . | . . . . Recycling Units . | . . . . Scanalyzers . | . . . . Garrison Access . | . . . . Data Cores Recovered 1 | . 1 . . Used . | . . . . Hacking Detections 8 | . 8 . . Full Trace Events . | . . . . Feedback Events . | . . . . Feedback Blocked . | . . . . Robot Schematics Acquired . | . . . . Robots Built . | . . . . Authchips . | . . . . Time . | . . . . Total Robot Build Rating . | . . . . Part Schematics Acquired . | . . . . Parts Built . | . . . . Authchips . | . . . . Time . | . . . . Total Part Build Rating . | . . . . Parts Repaired . | . . . . Time . | . . . . Parts Recycled . | . . . . Recycled Matter . | . . . . Retrieved Matter . | . . . . Retrieved Components . | . . . . Parts Scanalyzed . | . . . . Part Schematics Acquired . | . . . . Parts Damaged . | . . . . Bothacking | -11 -10 -10 -10 ------------ Run | Yrd Mat Min Exi Used RIF Installer . | . . . . Robots Hacked . | . . . . Non-combat . | . . . . Combat . | . . . . Robot Hacks Applied . | . . . . Relay Couplers Released . | . . . . Fabnet Peak Effective % . | . . . . Robots Rewired . | . . . . Allies Hacked . | . . . . Hacks Repelled . | . . . . Allies | -11 -10 -10 -10 -------- Run | Yrd Mat Min Exi Total Allies 2 | . . 2 . Largest Group 2 | . . 2 2 Highest-Rated Group 46 | . . 46 46 Highest-Rated Ally 31 | . . 31 31 Total Orders . | . . . . Ally Attacks 5 | . . 5 . Total Damage 84 | . . 84 . Kills 2 | . . 2 . Allies Corrupted . | . . . . Allies Melted . | . . . . Intel | -11 -10 -10 -10 ------- Run | Yrd Mat Min Exi Robot Analysis Total 2 | . 2 . . Derelict Logs Recovered 1 | . . 1 . Drone Launches . | . . . . Drone Recoveries . | . . . . Exploration | -11 -10 -10 -10 ------------- Run | Yrd Mat Min Exi Turns Passed 5680 | 76 1993 1992 1619 Spaces Moved 2759 | 48 872 888 951 Core 15 | 15 . . . Treads 1398 | 33 374 40 951 Legs 1346 | . 498 848 . Wheels . | . . . . Hover . | . . . . Flight . | . . . . Fastest Speed 50 | 50 120 160 160 Average Speed 169 | 133 163 188 160 Slowest Speed 240 | 160 190 240 160 Overloaded Moves . | . . . . Propulsion Burnouts . | . . . . Robots Hopped . | . . . . Cave-ins Triggered . | . . . . Exploration Rate (%) 68 | 5 99 99 71 Regions Visited 3 Branch Regions 2 Pre-discovered Areas 3 | . 2 1 . Known Exits Taken . | . . . . Unknown Exits Taken 3 | 1 1 1 . Scrap Searched 3 | . . 3 . Spaces Dug 5 | . 5 . . Terrain Destroyed 13 | . 13 . . Melee . | . . . . Projectile . | . . . . AOE 13 | . 13 . . Terrain Rammed . | . . . . Walls Destroyed . | . . . . Machines Disabled . | . . . . Actions | -11 -10 -10 -10 --------- Run | Yrd Mat Min Exi Total 3544 | 57 1265 1198 1024 Wait 549 | . 249 287 13 Move 2756 | 47 871 887 951 Hop . | . . . . Pick Up 31 | 4 19 2 6 Fast Attach 22 | 6 7 6 3 Attach 6 | . 3 1 2 Detach 7 | . . 4 3 Swap 7 | . 3 1 3 Drop 33 | . 7 5 21 Fire 123 | . 106 5 12 Melee 10 | . . . 10 Ram . | . . . . Kick . | . . . . Crush . | . . . . Escape Stasis . | . . . . Rewire . | . . . . Trap . | . . . . Miscellaneous . | . . . . Route ------- -11/Scrapyard -10/Materials (discovered 6 exits: *Mat x3 / *Min x2 / [*Sub]) -10/Mines (discovered 3 exits: *Mat x2 / *Exi) -10/Exiles (discovered 2 exits: *Min x2) History --------- Turn | Location | Event 11 | -11/Scrapyard | Discovered new exit (range 15) 77 | -11/Scrapyard | Entered Materials 214 | -10/Materials | Discovered new exit (range 13) 315 | -10/Materials | Build established: Mutant 394 | -10/Materials | Identified exit to Materials 411 | -10/Materials | Discovered new exit (range 7) 479 | -10/Materials | Lost 3 parts (3w) 605 | -10/Materials | Discovered new exit (range 14) 983 | -10/Materials | Core integrity fell below 50% 1027 | -10/Materials | Learned location of Storage (-7) 1078 | -10/Materials | Learned Storage security intel 1085 | -10/Materials | Lost 3 parts (2n1u) 1117 | -10/Materials | Learned location of Recycling (-7) 1147 | -10/Materials | Discovered new exit (range 6) 1163 | -10/Materials | Learned Storage security intel 1171 | -10/Materials | Learned 2 Storage zone layouts 1181 | -10/Materials | Learned location of 1 exit from Storage 1236 | -10/Materials | Learned 4 Recycling zone layouts 2070 | -10/Materials | Entered Mines 2140 | -10/Mines | Discovered exit to Materials (range 4) 2232 | -10/Mines | Discovered exit to Materials (range 11) 2267 | -10/Mines | Met a Derelict who couldn't figure out how to use a Trap Extractor 2793 | -10/Mines | Core integrity fell below 20% 3330 | -10/Mines | Deemed a non-threat by the Exiles lab entrance 3331 | -10/Mines | Discovered new exit (range 5) 3598 | -10/Mines | System corruption reached 10% 3944 | -10/Mines | Joined a pair of Derelicts in attacking an 0b10 outpost 4062 | -10/Mines | Entered Exiles 4062 | -10/Exiles | Accompanied by 2 allies 4063 | -10/Exiles | Identified exit to Mines 4092 | -10/Exiles | Led the pair of lost Derelicts to a safe place 4102 | -10/Exiles | Met 8R-AWN 4129 | -10/Exiles | Met EX-HEX 4172 | -10/Exiles | Met EX-BIN 4199 | -10/Exiles | Aligned with FarCom system 4201 | -10/Exiles | Given EX-Vault access code 4238 | -10/Exiles | Opened EX-Vault 4239 | -10/Exiles | Build established: Scavenger-Mutant 4246 | -10/Exiles | Found Longsword +1 4253 | -10/Exiles | Found Chronowheel 4290 | -10/Exiles | Warned to stay clear of 0b10 Research branches 4519 | -10/Exiles | Met EX-DEC 5571 | -10/Exiles | Attacked by the Exiles 5602 | -10/Exiles | Activated Chronowheel 5681 | -10/Exiles | Destroyed by 8R-AWN with 8R-AWN's Boregun Last Messages --------------- 05671_ Penetrated by HV Slug. 05671_ HV Slug penetrates Wall. 05671_ HV Slug penetrates Machine. 05671_ HV Slug penetrates Wall. 05673_ Penetrated by HV Slug. 05673_ HV Slug penetrates Earth. 05673_ Penetrated by HV Slug. 05673_ HV Slug penetrates Earth. 05675_ HV Slug penetrates Wall. 05675_ Penetrated by HV Slug. 05675_ HV Slug penetrates Earth. 05676_ Destroyed Prototype Protection. 05678_ Penetrated by HV Slug. 05678_ HV Slug penetrates Earth. 05678_ Penetrated by HV Slug. 05678_ 8R-AWN Prototype Ballistic Gun severed. 05680_ Penetrated by HV Slug. 05680_ Critical hit (Destroy). 05680_ Lgt. Treads destroyed. 05681_ Penetrated by HV Slug. Map ----- +----------------------------------------------------+ | ?????????????????????????????????????????????????? | | ?????????????????????????????????????????????????? | | ?????????????????????????????????????????????????? | | ?????????????????????????????????????????????????? | | ???????##????????????????????????????????????????? | | ??????## ???????????????????????????????????????? | | ??????# ???????????????????????????????????????? | | ??????# > ??????????????????????????????????????? | | ??????# ??????????????????????????????????????? | | ??????# ?????????????????????????????????????? | | ??????# ?????????????????????????????????????? | | ???????# ????????????????????????????????????? | | ???????# ????????????????????????????????????? | | ????????# ?????????????#######???????????????? | | ????????# #######??????#!!! "#???????????????? | | ????????# #""##?????# "#???????????????? | | ????????## #?????# "#???????????????? | | ?????????##" ##???## " #???????????##### | | ?????????#"" #####" "#??????????? "" | | ?????????#### ##" ""#??????????#"" "" | | ????????????## #"" ###??????????#"" | | ?????????????#"## #????????????#"" | | ?????????????####### ###??????????#"" | | ???????????????????### ;#??????????# " | | ?????????????########" % %g% ;##?????????#"" " | | ?????????????# !!""""" [ @ % ##??????????# # | | ?????????????#! [ %*! ##; a ######???### # | | ?????????????#! [!] *== #?## % & "#####X# # | | ?????????????#! !| =##??#" | | ?????????????# """ ###???#"# % | | ?????????????#######;##?????#### | | ??????????????????# #??????????### | | ?????????????????# #?????????????### | | ????????????????# #????????????????## | | ???????????????? #??????????????????## | | ??????????????? ?????????????????????##" | | ?????????????? ???????????????????????#""" | | ?????????????????????????????????????##" | | ?????????????????????????????????????#"" | | ?????????????????????????????????????#""" | | ?????????????????????????????????????""" | | ????????????????????????????????????#""" | | ????????????????????????????????????#"" | | ????????????????????????????????????#""" | | ????????????????????????????????????#"" | | ????????????????????????????????????##"" | | ?????????????????????????????????????#"""" | | ?????????????????????????????????????## | | ??????????????????????????????????????#" | | ??????????????????????????????????????#"""" | +----------------------------------------------------+ Best States ------------- Heat Dissipation 35 Energy Generation 12 Energy Capacity 400 Matter Stores 300 Matter Capacity 300 Sight Range 16 Terrain Scan Density 10 Armor Coverage 150 Power Shielding 33 Evasion (%) 55 Targeting Accuracy 8 Recoil Reduction 2 Trap Extractor Capacity 6 Item Schematics ----------------- None Robot Schematics ------------------ None Fabricated ------------ Nothing Alien Tech Used ----------------- None Achievements -------------- None Challenges ------------ None Game ------ Seed EncryptedBiocellChainsword Manual? 0 Play Time 00:25:56 Cumulative 274.2 hours Start 2025.01.17 @ 11:13:58 End 2025.01.17 @ 11:39:04 Sessions 1 Manual Loads 0 Difficulty Rogue Special Mode None Game No. 180 Rogue 141 Adventurer 6 Explorer 33 Win Type - Total 6 Types 5/0/1/0/0/0/0/0/0 Lore% 46 Gallery% 69 Achievement% 65 Wizard Run 0 Options --------- Layout 2 ASCII 1 Keyboard 1 Movement Vi Keybinds 0 Fullscreen 1 Font 16/T_Terminus Map View 53x45 Zoom Use 0% Tactical HUD 1 Map Filters NONE Filters LOW_CONTRAST(47,30,31) Steam 1 RUN: e4ba4c56-4785-4419-9900-b15c7deeb390